 Dungeon Crawl Stone Soup version 0.29-a0-219-g0a02b1cf4f (webtiles) character file.

Game seed: 13311256730636550872

86 bande the Skirmisher (level 4, -3/29 HPs)
             Began as a Gargoyle Fighter on Feb 26, 2022.
             Slain by Grinder (5 damage)
             ... while paralysed by Grinder
             ... on level 2 of the Dungeon.
             The game lasted 00:03:06 (2040 turns).

bande the Skirmisher (Gargoyle Fighter)             Turns: 2040, Time: 00:03:06

Health: -3/29      AC: 10    Str: 20    XL:     4   Next: 49%
Magic:  4/4        EV:  2    Int:  8    God:
Gold:   2          SH:  0    Dex: 11    Spells: 3/3 levels left

rFire   . . .      SeeInvis .   a - +0 war axe
rCold   . . .      Faith    .   c - +0 buckler
rNeg    + . .      Spirit   .   b - +0 scale mail
rPois   ∞          Reflect  .   (no helmet)
rElec   +          Harm     .   (no cloak)
rCorr   .          Rampage  .   (no gloves)
Will    .....                   (no boots)
Stlth   ..........              (no amulet)
HPRegen 0.09/turn               (no ring)
MPRegen 0.09/turn               (no ring)

@: paralysed, mighty, attractive, hasted
A: sickness immunity, AC +3, negative energy resistance 1, electricity
resistance, torment resistance 1, petrification resistance
a: no special abilities


You were on level 2 of the Dungeon.
You visited 1 branch of the dungeon, and saw 3 of its levels.

You collected 2 gold pieces.

Inventory:

Hand Weapons
 a - a +0 war axe (weapon)
Armour
 b - a +0 scale mail (worn)
 c - a +0 buckler (worn)
Wands
 f - a wand of acid (9)


   Skills:
 + Level 3.9 Fighting
 + Level 3.0 Axes
 + Level 3.7 Armour
 + Level 3.8 Shields


You had 3 spell levels left.
You didn't know any spells.
Your spell library was empty.

Dungeon Overview and Level Annotations

Branches:
Dungeon (3/15)

Altars:
Zin

Annotations:
D:2 Grinder


Innate Abilities, Weirdness & Mutations

You are immune to sickness and miasma.
Your stone body is resilient. (AC +3)
You are immune to poison.
You resist negative energy. (rN+)
You are resistant to electric shocks. (rElec)
You are resistant to unholy torment.
You are immune to petrification.


Message History

The quokka bites you but does no damage.
Unknown command.
You barely miss Grinder.
Grinder is moderately wounded.
You barely miss the quokka. Grinder gestures at you.
You resist with significant effort. The quokka barely misses you.
Unknown command.
You slash Grinder!
Grinder is severely wounded.
You completely miss the quokka. Grinder hits you.
* * * LOW HITPOINT WARNING * * *
The quokka barely misses you.
Unknown command.
You barely miss Grinder.
Grinder is severely wounded.
You barely miss the quokka. The quokka closely misses you.
Grinder hits you but does no damage.
Unknown command.
You closely miss Grinder.
Grinder is severely wounded.
You hit the quokka. You block the quokka's attack.
Grinder hits you but does no damage.
You completely miss Grinder.
Grinder is severely wounded.
You hit the quokka.
You kill the quokka!
You block Grinder's attack.
You slash Grinder!
Grinder is almost dead.
Grinder gestures at you.
You suddenly lose the ability to move!
Grinder says, "I used to sell toenails on the black market."
Grinder hits you.
* * * LOW HITPOINT WARNING * * *
You writhe in agony.
* * * LOW HITPOINT WARNING * * *
Grinder hits you but does no damage. Grinder hits you.
You die...

...#).)#...#......#
#.######.#.
.####'####........# #.# #.##
##.#)))#.##.##..#.#
###.######...
#..'...'..#.###.#.#
#........#### ##.#...#.##.#
#.#.# #........#
.####+####..###.#.###..§.....#
...# #.............§.§######
##.## ##.##.#.....##§§_.#
#..###..##.#..5@>##....#
##.....###.#...#.##...##
####### #.#...#.######
#.#...#.# #.#####.# #.# #.#
#.. ..# ### ###


You could see Grinder.

Vanquished Creatures
  3 adders
  2 dart slugs (D:1)
  8 bats
  5 endoplasms
  12 goblins
  6 hobgoblins
  3 quokkas
  2 ball pythons
  3 frilled lizards
  A kobold (D:2)
  4 rats
49 creatures vanquished.

Notes
Turn   | Place    | Note
-------+----------+-------------------------------------------
     0 | D:1      | bande the Gargoyle Fighter began the quest for the Orb.
     0 | D:1      | Reached XP level 1. HP: 14/14 MP: 1/1
   142 | D:1      | Reached XP level 2. HP: 19/19 MP: 2/2
  1138 | D:1      | Reached XP level 3. HP: 23/23 MP: 3/3
  1244 | D:2      | Found a glowing silver altar of Zin.
  1313 | D:2      | Found a faded altar of an unknown god.
  1597 | D:2      | Reached XP level 4. HP: 18/29 MP: 4/4
  1753 | D:2      | You fall into a shaft and drop 1 floor!
  1948 | D:3      | Noticed Grinder
  2037 | D:2      | Paralysed by Grinder for 6 turns
  2038 | D:2      | HP: 1/29 [Grinder (2)]
  2040 | D:2      | Slain by Grinder

Illustrated notes

Levels and vault maps discovered:
D:1:      minmay_arrival_doors, layout_loops_ring
D:2:      cheibrodos_greedy_goblins, layout_basic, serial_glass,
          glass_columns_a, glass_columns_c, ebering_ecumenical_altar_mist,
          basic_altar
D:3:      layout_rooms, serial_shops, shop, uniq_grinder

Skill      XL: |  1  2  3  4 |
---------------+-------------+-----
Axes           | 2 3 |  3.0
Fighting       | |  3.9
Armour         | |  3.7
Shields        | |  3.8

Action                   |  1- 3 |  4- 6 || total
-------------------------+-------+-------++-------
Melee: War axe           |   104 |    52 ||   156
  Use: Scroll            |     3 |       ||     3
       Potion            |       |     4 ||     4
Armor: Scale mail        |    64 |    55 ||   119
Dodge: Dodged            |    47 |    42 ||    89
Block: Buckler           |    32 |    18 ||    50

Table legend: (Time is in decaauts)
 A = Elapsed time spent in this place.
 B = Non-inter-level travel time spent in this place.
 C = Inter-level travel time spent in this place.
 D = Time resting spent in this place.
 E = Time spent auto-exploring this place.
 F = Levels seen in this place.
 G = Mean time per level.
                   A        B        C        D        E       F      G
               +--------+--------+--------+--------+--------+-----+--------+
         Total |   2100 |   2073 |     27 |    496 |   1209 |   3 |  700.0 |
       Dungeon |   2100 |   2073 |     27 |    496 |   1209 |   3 |  700.0 |
               +--------+--------+--------+--------+--------+-----+--------+

Top non-repeatable levels by time:
     D:1: 1271 daAuts
     D:2: 602 daAuts
     D:3: 226 daAuts
